[Event "Moscow Youth U19 2019"]
[Site "Moscow"]
[Date "2019.11.24"]
[Round "7.4"]
[White "Yeritsyan, Aram"]
[Black "Gotsiuk, Denis"]
[Result "1/2-1/2"]
[ECO "B15"]
[WhiteElo "2276"]
[BlackElo "1976"]
[Annotator "RC"]
[PlyCount "118"]
[EventDate "2019.11.18"]
[EventType "swiss"]
[EventCountry "RUS"]
[SourceTitle "playchess.com"]
[Source "ChessBase"]
[SourceQuality "1"]
[TimeControl "5400+30"]

1. d4 d5 2. Nc3 c6 3. e4 h6 4. Nf3 Nf6 5. Bd3 dxe4 6. Nxe4 Nxe4 7. Bxe4 Bf5 8. Bxf5 Qa5+ 9. Bd2 Qxf5 10. O-O e6 11. c4 Nd7 12. Bc3 Bd6 13. d5 cxd5 14. Nd4 Qg5 15. cxd5 Qxd5 16. Qc2 O-O 17. Rad1 Rfd8 18. Nb3 Qc6 19. Na5 Qc7 20. Rxd6 Qxd6 21. Nxb7 Qb6 22. Nxd8 Rxd8 23. Qe2 Nf6 24. Bxf6 gxf6 25. Rc1 Qa5 26. h4 Qxa2 27. Qg4+ Kh7 28. Rc7 Rf8 29. h5 Qb1+ 30. Kh2 Qxb2 31. Qg6+ Kh8 32. Qxh6+ Kg8 33. Rd7 Qe5+ 34. f4 Qf5 35. Rd2 Qh7 36. Qxf6 Qxh5+ 37. Kg3 Rb8 38. Rd3 Qg6+ 39. Qxg6+ fxg6 40. Ra3 Kf7 41. Rxa7+ Kf6 42. Ra5 Rb2 43. Kf3 Rd2 44. g4 Rd5 45. Rxd5 exd5 46. Ke2 Ke6 47. Kd3 Ke7 48. Kc3 Kd7 49. Kb3 Kd6 50. Kb4 Kc6 51. Kc3 Kd7 52. Kb3 Kd6 53. Kc3 Kd7 54. Kd3 Ke6 55. Kd4 Kd6 56. f5 gxf5 57. gxf5 Ke7 58. Kxd5 Kf6 59. Kd4 Kxf5 {[%emt 0:04:32] Ke4+ Ke5+} 1/2-1/2

[Event "Moscow Youth U19 2019"]
[Site "Moscow"]
[Date "2019.11.24"]
[Round "7.5"]
[White "Shlykov, Yaroslav"]
[Black "Beliuga, Mikhail"]
[Result "0-1"]
[ECO "E04"]
[WhiteElo "1623"]
[BlackElo "1816"]
[Annotator "NA RC"]
[PlyCount "58"]
[EventDate "2019.11.18"]
[EventType "swiss"]
[EventCountry "RUS"]
[SourceTitle "playchess.com"]
[Source "ChessBase"]
[SourceQuality "1"]
[TimeControl "5400+30"]

1. d4 Nf6 2. c4 e6 3. g3 d5 4. Bg2 dxc4 5. Nf3 Nc6 6. O-O Rb8 7. a4 a6 8. Nc3 Be7 9. e4 O-O 10. Be3 b5 11. e5 Nd5 12. Nxd5 exd5 13. Nd2 f6 14. axb5 axb5 15. f4 fxe5 16. fxe5 Rxf1+ 17. Qxf1 Nb4 18. Qf3 Be6 19. Rf1 Qd7 20. Qh5 Nc2 21. Qe2 Rf8 22. Rxf8+ Bxf8 23. Nxc4 Nxd4 24. Bxd4 bxc4 25. Bf2 c6 26. Qd2 Qc7 27. Qf4 Qb8 28. Qg5 Qxb2 29. Qd8 Qb1+ 0-1

[Event "Moscow Youth U19 2019"]
[Site "Moscow"]
[Date "2019.11.24"]
[Round "7.7"]
[White "Rysaev, Danial"]
[Black "Nikolaev, Daniil"]
[Result "1-0"]
[ECO "D07"]
[WhiteElo "2029"]
[BlackElo "1867"]
[Annotator "NA"]
[PlyCount "47"]
[EventDate "2019.11.18"]
[EventType "swiss"]
[EventCountry "RUS"]
[SourceTitle "playchess.com"]
[Source "ChessBase"]
[SourceQuality "1"]
[TimeControl "5400+30"]

1. d4 d5 2. c4 Nc6 3. Nf3 Bg4 4. Nc3 e6 5. cxd5 exd5 6. Qb3 Bxf3 7. exf3 Nxd4 8. Qa4+ Nc6 9. Ba6 Qc8 10. O-O Nge7 11. Re1 Kd8 12. Bf4 bxa6 13. Nxd5 Qb7 14. Nxc7 g5 15. Bg3 Kc8 16. Rac1 f5 17. Bd6 Kd7 18. Be5 Rd8 19. Nxa6 Ng6 20. Bf6 Bd6 21. Red1 Ke8 22. Bxd8 Kxd8 23. Rxd6+ Ke7 24. Rdxc6 1-0

[Event "Moscow Youth U19 2019"]
[Site "Moscow"]
[Date "2019.11.24"]
[Round "7.8"]
[White "Sekoyan, Vachagan"]
[Black "Kozhukhov, Alexandr"]
[Result "1/2-1/2"]
[ECO "A67"]
[WhiteElo "2084"]
[BlackElo "1627"]
[Annotator "NA"]
[PlyCount "87"]
[EventDate "2019.11.18"]
[EventType "swiss"]
[EventCountry "RUS"]
[SourceTitle "playchess.com"]
[Source "ChessBase"]
[SourceQuality "1"]
[TimeControl "5400+30"]

1. c4 Nf6 2. Nc3 e6 3. d4 c5 4. d5 exd5 5. cxd5 d6 6. e4 g6 7. f4 Bg7 8. Bb5+ Nfd7 9. Nf3 O-O 10. O-O a6 11. Bd3 b5 12. Kh1 c4 13. Bc2 Re8 14. a3 Nc5 15. Be3 Nxe4 16. Nxe4 f5 17. Bd4 fxe4 18. Ng5 Bf5 19. Re1 Bxd4 20. Qxd4 Nd7 21. Bxe4 Qf6 22. Qxf6 Nxf6 23. Bf3 h6 24. Ne6 Ra7 25. Nd4 Rae7 26. Rxe7 Rxe7 27. Kg1 Re3 28. Rd1 Be4 29. Kf2 Bxf3 30. gxf3 Nxd5 31. Nxb5 axb5 32. Rxd5 Rb3 33. Rxd6 Rxb2+ 34. Ke3 Rxh2 35. Rxg6+ Kf7 36. Rb6 Rb2 37. Rxh6 Rb3+ 38. Ke4 Rxa3 39. Rb6 Rb3 40. f5 c3 41. Kd3 b4 42. Kc2 Rb2+ 43. Kc1 b3 44. f6 1/2-1/2

[Event "Moscow Youth U19 2019"]
[Site "Moscow"]
[Date "2019.11.24"]
[Round "7.9"]
[White "Budnichenko, Vladimir"]
[Black "Zavialov, Nikita A."]
[Result "0-1"]
[ECO "B31"]
[WhiteElo "1489"]
[BlackElo "2066"]
[Annotator "NA"]
[PlyCount "74"]
[EventDate "2019.11.18"]
[EventType "swiss"]
[EventCountry "RUS"]
[SourceTitle "playchess.com"]
[Source "ChessBase"]
[SourceQuality "1"]
[TimeControl "5400+30"]

1. e4 c5 2. Nf3 Nc6 3. Bb5 g6 4. Bxc6 bxc6 5. O-O Bg7 6. Re1 e5 7. c3 Qb6 8. Na3 Ba6 9. d3 Ne7 10. Nc4 Bxc4 11. dxc4 Rd8 12. Qc2 O-O 13. Bg5 f6 14. Be3 d5 15. cxd5 cxd5 16. exd5 Nxd5 17. b4 Nxe3 18. Rxe3 c4 19. Qe2 Qa6 20. Nd2 Bh6 21. Qxc4+ Qxc4 22. Nxc4 Bxe3 23. Nxe3 Rd2 24. a4 Rfd8 25. Kf1 Kf7 26. c4 f5 27. c5 Ke6 28. b5 f4 29. Nc4 Rd1+ 30. Rxd1 Rxd1+ 31. Ke2 Rd4 32. Nb2 Rb4 33. Nd3 Rxa4 34. b6 Ra2+ 35. Kf3 Ra3 36. Ke4 Ra4+ 37. Kf3 e4+ 0-1

[Event "Moscow Youth U19 2019"]
[Site "Moscow"]
[Date "2019.11.24"]
[Round "7.10"]
[White "Talyzin, Valeriy"]
[Black "Agashin, Alexandr"]
[Result "1-0"]
[ECO "A08"]
[WhiteElo "1829"]
[BlackElo "1546"]
[Annotator "NA RC"]
[PlyCount "59"]
[EventDate "2019.11.18"]
[EventType "swiss"]
[EventCountry "RUS"]
[SourceTitle "playchess.com"]
[Source "ChessBase"]
[SourceQuality "1"]
[TimeControl "5400+30"]

1. Nf3 Nf6 2. g3 g6 3. Bg2 Bg7 4. O-O O-O 5. d3 d5 6. Nc3 c5 7. e4 dxe4 8. Nxe4 Nxe4 9. dxe4 Nc6 10. c3 e5 11. Bg5 Qb6 12. Qc2 Be6 13. Be3 Qa5 14. Ng5 Bc4 15. b4 cxb4 16. cxb4 Qa6 17. Bc5 Rfd8 18. Rfc1 Bd3 19. Qb3 Rd7 20. Bh3 Rc7 21. a4 Nd8 22. b5 Qf6 23. Be3 Rxc1+ 24. Rxc1 Be2 25. Rc7 h6 26. Nxf7 Nxf7 27. Rxf7 Bd1 28. Qd5 Rd8 29. Rd7+ Kh7 30. Rxd8 1-0

[Event "Moscow Youth U19 2019"]
[Site "Moscow"]
[Date "2019.11.25"]
[Round "8.4"]
[White "Beliuga, Mikhail"]
[Black "Rysaev, Danial"]
[Result "0-1"]
[ECO "A49"]
[WhiteElo "1816"]
[BlackElo "2029"]
[Annotator "NA RC"]
[PlyCount "92"]
[EventDate "2019.11.18"]
[EventType "swiss"]
[EventCountry "RUS"]
[SourceTitle "playchess.com"]
[Source "ChessBase"]
[SourceQuality "1"]
[TimeControl "5400+30"]

1. d4 Nf6 2. g3 c5 3. Nf3 g6 4. Bg2 Bg7 5. O-O O-O 6. Nc3 cxd4 7. Nxd4 d5 8. Nb3 e6 9. e4 {[%emt 0:21:20] A49: 1 d4 Nf6 2 Nf3 g6 3 g3: Anti-King's Indian systems} dxe4 (9... Nc6 10. exd5 exd5 11. Bg5 h6 12. Be3 Re8 13. Qd2 Ng4 14. Bc5 Be6 15. Nxd5 Bxb2 16. Rad1 Bxd5 17. Bxd5 {1-0 (59) Ding,L (2812)-Adams,M (2708) Astana 2019}) 10. Qxd8 Rxd8 11. Bg5 Nbd7 $146 ({Predecessor:} 11... h6 12. Bxf6 Bxf6 13. Nxe4 Bxb2 14. Rad1 Rxd1 15. Rxd1 Nc6 16. Nd6 Ba3 {1-0 (48) Vijayalakshmi,S (2417)-Nikolaidis,I (2538) Kalamaria 2006}) 12. Nxe4 h6 13. Bxf6 Nxf6 14. Rad1 Rxd1 15. Rxd1 Nxe4 16. Rd8+ Bf8 17. Bxe4 f5 18. Bg2 Kf7 19. Na5 Be7 20. Rd3 Rb8 21. Rb3 b5 22. Nc6 Rb6 23. Nxa7 Bd7 24. Rc3 Rd6 25. Kf1 Bd8 26. Ke2 e5 27. Bc6 Ba5 28. Rd3 Rxd3 29. Kxd3 e4+ 30. Ke2 Bxc6 31. Nxc6 Bb6 32. c3 Kf6 33. f3 g5 34. Nb4 Ke5 35. Nc2 Bg1 36. h3 h5 37. Ne3 exf3+ 38. Kxf3 g4+ 39. hxg4 hxg4+ 40. Ke2 Ke4 41. Nf1 f4 42. gxf4 Kxf4 43. Nd2 Bb6 $11 44. b3 g3 45. Nf3 g2 46. c4 b4 0-1

[Event "Moscow Youth U19 2019"]
[Site "Moscow"]
[Date "2019.11.25"]
[Round "8.6"]
[White "Buniatyan, David"]
[Black "Shlykov, Yaroslav"]
[Result "1-0"]
[ECO "E04"]
[WhiteElo "1960"]
[BlackElo "1623"]
[Annotator "NA RC"]
[PlyCount "139"]
[EventDate "2019.11.18"]
[EventType "swiss"]
[EventCountry "RUS"]
[SourceTitle "playchess.com"]
[Source "ChessBase"]
[SourceQuality "1"]
[TimeControl "5400+30"]

1. d4 e6 2. Nf3 Nf6 3. c4 d5 4. g3 dxc4 5. Bg2 Bd7 6. Ne5 Bc6 7. Nxc6 Nxc6 8. O-O Qd7 9. e3 O-O-O 10. Qa4 Nd5 11. Qxc4 h5 12. Bd2 h4 13. Rc1 hxg3 14. hxg3 f5 15. b4 Kb8 16. b5 Nce7 17. a4 Nf6 18. Nc3 Ned5 19. a5 Rc8 20. a6 b6 21. e4 Nxc3 22. Qxc3 Nxe4 23. Qd3 Qd5 24. Re1 Bc5 25. Bc3 Rcf8 26. Bxe4 fxe4 27. Qxe4 Bd6 28. Re3 Kc8 29. Qxe6+ Qxe6 30. Rxe6 Rf5 31. Rb1 Rfh5 32. Rb2 Rd5 33. Rg6 Rh7 34. Kg2 Kd7 35. Kf3 Ke7 36. Ke4 Rdh5 37. Kd3 Kf7 38. Rg4 Rf5 39. Re4 Rh1 40. Re1 Rh2 {[%emt 0:00:34] [#]} 41. Ree2 $1 Rf3+ 42. Kc4 Rh1 43. Bb4 Rc1+ (43... Rf5 $16 44. Re1 Rxe1 45. Bxe1 Ke6 46. Re2+ Kd7) 44. Rec2 Rxc2+ 45. Rxc2 Ke6 46. Re2+ Kd7 47. Bxd6 Kxd6 {[%emt 0:01:13] [#]} 48. Re8 $1 Rxf2 {[%emt 0:00:05] [#]} 49. Rd8+ $1 Ke6 50. Ra8 Rc2+ 51. Kb3 Rg2 52. Rxa7 Rxg3+ 53. Kb4 Kd7 54. Ra8 Rg1 55. Rg8 Ra1 56. Rxg7+ Kd6 57. Rg3 c5+ 58. dxc5+ bxc5+ 59. Kb3 Ra5 60. Rg6+ Kd5 61. Rb6 Ra1 $18 62. Rb7 c4+ 63. Kb2 Ra5 64. a7 Kc5 65. b6 Kb4 66. Rc7 Ka4 67. Rxc4+ Kb5 68. Rc8 Kxb6 69. a8=Q Rb5+ 70. Kc2 1-0

[Event "Moscow Youth U19 2019"]
[Site "Moscow"]
[Date "2019.11.25"]
[Round "8.7"]
[White "Zavialov, Nikita A."]
[Black "Sekoyan, Vachagan"]
[Result "1/2-1/2"]
[ECO "B10"]
[WhiteElo "2066"]
[BlackElo "2084"]
[Annotator "NA RC"]
[PlyCount "102"]
[EventDate "2019.11.18"]
[EventType "swiss"]
[EventCountry "RUS"]
[SourceTitle "playchess.com"]
[Source "ChessBase"]
[SourceQuality "1"]
[TimeControl "5400+30"]

1. e4 g6 2. d4 Bg7 3. Nf3 c5 4. c3 cxd4 5. cxd4 d5 6. exd5 Nf6 7. Bb5+ Nbd7 8. Nc3 O-O 9. Bxd7 Bxd7 10. O-O Bf5 {[%emt 0:06:05] B10: Caro-Kann: 2 d3 and 2 c4} (10... b5 11. a3 a5 12. Qb3 Rb8 13. Bf4 Rb6 14. Ne5 b4 15. Nc4 Rb7 16. axb4 Rxb4 17. Qa2 a4 18. Be5 {0-1 (54) Senador,E (2325)-Deepan Chakkravarthy,J (2479) Olongapo City 2015}) 11. Qb3 Qc7 $146 ({Predecessor:} 11... b6 12. Ne5 Kh8 13. Re1 Qd6 14. Bf4 Qd8 15. Nc6 Qc8 16. Rxe7 Qa6 17. Ne5 Kg8 18. Nb5 {1-0 (45) Kovalenko,O (2169)-Kovalev,E Kiev 2003}) 12. Bg5 Bd3 13. Rfc1 Bf5 14. Ne5 Rad8 15. Bxf6 (15. a4 $16) 15... Bxf6 (15... exf6 $11 {remains equal.} 16. Nc4 Qf4) 16. f4 Bg7 17. a4 Qb6 18. Qxb6 axb6 19. a5 b5 20. Nxb5 Rxd5 21. Rc5 Rfd8 22. a6 bxa6 23. Nc7 Rxd4 24. Nc6 Rd1+ 25. Rxd1 Rxd1+ 26. Kf2 Rd7 27. Nxa6 Bxb2 28. Rb5 Bf6 29. Ne5 Rd4 30. Ke3 Ra4 31. Nc5 Ra3+ 32. Rb3 Ra2 33. Kf3 Bc2 34. Rb8+ Kg7 35. Ncd7 Bd1+ 36. Kg3 Ra3+ 37. Kf2 Bh4+ 38. g3 Bf6 39. Rb2 Ba4 40. Nxf6 exf6 41. Nc4 Rc3 42. Ne3 Bc6 43. Rc2 Rxc2+ 44. Nxc2 Kf8 45. Ne3 Ke7 46. Ng4 Ke6 47. Ke3 g5 ({Better is} 47... h5 $17 48. Nf2 Kf5) 48. Nh6 Bd5 49. Ng4 f5 (49... h5 $5 50. Nf2 Kf5 $17) 50. Nf2 g4 51. Nd3 f6 $11 {[%emt 0:02:26] Ke4} 1/2-1/2

[Event "Moscow Youth U19 2019"]
[Site "Moscow"]
[Date "2019.11.25"]
[Round "8.8"]
[White "Kozhukhov, Alexandr"]
[Black "Talyzin, Valeriy"]
[Result "*"]
[ECO "E62"]
[WhiteElo "1627"]
[BlackElo "1829"]
[Annotator "NA RC"]
[PlyCount "81"]
[EventDate "2019.11.18"]
[EventType "swiss"]
[EventCountry "RUS"]
[SourceTitle "playchess.com"]
[Source "ChessBase"]
[SourceQuality "1"]
[TimeControl "5400+30"]

1. d4 Nf6 2. c4 g6 3. Nf3 Bg7 4. g3 O-O 5. Bg2 d6 6. O-O Nc6 7. Nc3 Bf5 8. Re1 Ne4 9. Nxe4 Bxe4 10. e3 {[%emt 0:00:23] E62: King's Indian: Fianchetto: 6...c6 and Panno Variation (6...Nc6) without ...a6} Nb4 (10... d5 11. b3 e5 12. Ba3 Re8 13. dxe5 dxc4 14. bxc4 Nxe5 15. Nxe5 Bxe5 16. Qxd8 Raxd8 17. Rad1 Bc3 18. Rxd8 Rxd8 {1-0 (54) Romanchuk,V (2305)-Vovk,Y (2575) Alushta 2009}) 11. Re2 Bd3 $146 ({Predecessor:} 11... c5 12. a3 Nc6 13. Rd2 Qb6 14. d5 Na5 15. Re2 Nxc4 16. Nd2 Bd3 17. Nxc4 Bxc4 {1-0 (42) Schmalzried,V (1858)-Koetz,A (1997) Berlin 2017}) 12. Rd2 Bxc4 13. Qa4 a5 14. a3 b5 15. Qd1 Na6 16. Ng5 Rb8 17. b3 Be6 18. Nxe6 fxe6 19. Bb2 c5 20. Bh3 Nc7 21. dxc5 Bxb2 22. Rxb2 dxc5 23. Qxd8 Rfxd8 24. Rc1 Rb6 25. Rxc5 Rd1+ 26. Bf1 Nd5 27. Kg2 Ra1 $1 28. Rxb5 Rxb5 29. Bxb5 Rxa3 30. Bc4 Kf7 31. Bxd5 exd5 $11 32. b4 a4 33. b5 Rb3 34. Ra2 a3 35. b6 e5 36. b7 Kf6 37. Rxa3 Rxb7 38. Ra5 Rd7 39. Kf3 h5 40. h3 Rd6 41. Rb5 *

[Event "Moscow Youth U19 2019"]
[Site "Moscow"]
[Date "2019.11.25"]
[Round "8.10"]
[White "Nikolaev, Daniil"]
[Black "Talalov, Anton"]
[Result "1/2-1/2"]
[ECO "C68"]
[WhiteElo "1867"]
[BlackElo "1792"]
[Annotator "NA RC"]
[PlyCount "84"]
[EventDate "2019.11.18"]
[EventType "swiss"]
[EventCountry "RUS"]
[SourceTitle "playchess.com"]
[Source "ChessBase"]
[SourceQuality "1"]
[TimeControl "5400+30"]

1. e4 e5 2. Nf3 Nc6 3. Bb5 a6 4. Bxc6 dxc6 5. O-O Bd6 6. d4 exd4 7. Qxd4 f6 8. Be3 Be6 9. Nbd2 Ne7 10. Qc3 {[%emt 0:01:39] C68: Ruy Lopez: Exchange Variation, sidelines} (10. Rad1 Ng6 11. Nc4 Bxc4 12. Qxc4 Qe7 13. c3 O-O-O 14. b4 Rhe8 15. Rd4 Qe6 16. Qxe6+ Rxe6 17. Nd2 Ne5 18. f3 {1-0 (59) Novikov,S (2540)-Tomashevsky,E (2705) St Petersburg 2018}) 10... O-O 11. Rad1 b6 12. Nc4 c5 13. Bf4 Nc8 14. e5 fxe5 15. Bxe5 Qe7 16. Rfe1 Bxe5 17. Qxe5 $146 ({Predecessor:} 17. Rxe5) 17... Bxc4 18. Qxe7 Nxe7 19. Rxe7 Rf7 20. Re3 Bb5 21. Ne5 Rf4 22. c3 Kf8 23. g3 Rf6 24. Nd7+ Bxd7 25. Rxd7 Rf7 26. Red3 Re8 27. Kf1 Rfe7 28. Rxe7 Rxe7 29. f4 Kf7 30. Kf2 g6 31. Kf3 h5 32. h3 Kf6 33. g4 hxg4+ 34. hxg4 Rh7 (34... g5 $1 $11 {remains equal.}) 35. Rd2 Rh3+ 36. Kg2 Re3 37. Kf2 Rh3 38. Re2 $11 Rd3 39. Re3 Rd2+ 40. Re2 Rd3 41. Re3 Rd2+ 42. Re2 Rd3 1/2-1/2

[Event "Moscow Youth U19 2019"]
[Site "Moscow"]
[Date "2019.11.26"]
[Round "9.6"]
[White "Orlov, Aleksandr"]
[Black "Shlykov, Yaroslav"]
[Result "1-0"]
[ECO "E90"]
[WhiteElo "1965"]
[BlackElo "1623"]
[Annotator "NA RC"]
[PlyCount "119"]
[EventDate "2019.11.18"]
[EventType "swiss"]
[EventCountry "RUS"]
[SourceTitle "playchess.com"]
[Source "ChessBase"]
[SourceQuality "1"]
[TimeControl "5400+30"]

1. d4 Nf6 2. c4 g6 3. Nc3 Bg7 4. e4 d6 5. Nf3 O-O 6. h3 e5 7. Be3 exd4 8. Nxd4 Nc6 {[%emt 0:00:04] E90: King's Indian: Classical: Early deviations and 6 h3} 9. Nxc6 (9. Bd3 Re8 10. O-O Ne5 11. Re1 Nxd3 12. Qxd3 Bd7 {½-½ (31) Schlosser,P (2539)-Tregubov,P (2593) Drancy 2016}) 9... bxc6 10. Bd3 d5 $146 ({Predecessor:} 10... Nd7 11. O-O Ne5 12. Qd2 Bxh3 {0-1 (25) Vardanian,H (2117)-Nuri,M (2201) Poti 2013}) 11. exd5 cxd5 12. Be2 Be6 13. Bf3 c6 14. Bc5 Re8 (14... d4 $5 15. Bxf8 (15. Bxd4 Bxc4 16. Rc1 Rc8 $17) (15. Qxd4 Nd7 $17) 15... Bxf8 $17) 15. O-O Nd7 16. cxd5 Nxc5 17. dxe6 Rxe6 18. Qc2 Qd3 19. Rac1 Qxc2 20. Rxc2 Nd3 21. Rd1 Ne5 22. Be2 Bh6 23. g3 g5 24. Ne4 Rb8 25. b3 f5 26. Nc5 Re7 27. Rd6 Bf8 28. Re6 (28. Kg2 $16) 28... Rbe8 (28... Rd8 $11) 29. Rxe7 Rxe7 30. Nd3 Ng6 31. Kf1 Re6 32. Nc5 Rd6 33. Bc4+ Kg7 34. Ne6+ Kf6 35. Nxf8 Nxf8 36. Re2 Ne6 37. Bxe6 Rxe6 38. Rd2 h5 39. Rd4 g4 40. h4 c5 41. Rc4 Ra6 $1 42. a4 Ra5 $2 {[%emt 0:01:07] [#]} (42... Rb6 $11 {and Black is okay.}) 43. Ke2 $1 Ke5 $18 44. Kd3 $2 ({Only move:} 44. Ke3 $18) 44... Kd5 45. Rf4 Ke6 46. Kc4 Ke5 47. f3 Ra6 48. fxg4 hxg4 49. Kxc5 Rh6 50. Rf1 Ke4 51. Rf4+ $2 Ke5 52. Rf1 Ke4 53. b4 $18 Rh5 54. Kc6 Rh6+ 55. Kb7 Rh7+ 56. Ka6 Ke5 57. b5 Rxh4 58. gxh4 g3 59. h5 Kf6 60. Rf3 1-0

[Event "Moscow Youth U19 2019"]
[Site "Moscow"]
[Date "2019.11.26"]
[Round "9.7"]
[White "Nikolaev, Daniil"]
[Black "Zavialov, Nikita A."]
[Result "0-1"]
[ECO "B33"]
[WhiteElo "1867"]
[BlackElo "2066"]
[Annotator "NA RC"]
[PlyCount "92"]
[EventDate "2019.11.18"]
[EventType "swiss"]
[EventCountry "RUS"]
[SourceTitle "playchess.com"]
[Source "ChessBase"]
[SourceQuality "1"]
[TimeControl "5400+30"]

1. e4 c5 2. Nf3 Nc6 3. d4 cxd4 4. Nxd4 e5 5. Nb5 d6 6. a4 Be7 7. N1c3 a6 8. Na3 Be6 9. Bc4 Nf6 10. O-O O-O 11. Re1 Rb8 {[%emt 0:09:39] B33: Sicilian: Pelikan and Sveshnikov Variations} (11... Rc8 12. Nd5 Nb4 13. Nxf6+ Bxf6 14. Bxe6 fxe6 15. c3 Nc6 16. Qb3 Qe7 17. Be3 Qf7 18. Rad1 Rcd8 19. f3 {½-½ (61) Hoyos Millan,L (2556)-De Oliveira,M (2543) ICCF email 2008}) 12. Nd5 $146 ({Predecessor:} 12. Bg5 Ne8 13. Bxe7 Nxe7 14. Nd5 Ng6 15. c3 Qg5 16. Qc1 Qh4 17. g3 Qd8 18. Qd2 Kh8 19. Rad1 Bxd5 20. Bxd5 {½-½ (79) Babula,M (2204)-Rubes,J (2345) Ostrava 2019}) 12... Bxd5 13. exd5 Nd4 14. c3 Nf5 15. Bd3 Nh4 16. g3 Ng6 17. c4 Nd7 18. Bf5 Nh8 19. b4 g6 20. Bxd7 Qxd7 21. Kg2 f5 22. f3 Bf6 23. Ra2 Nf7 24. c5 (24. Qb3 $11 {remains equal.}) 24... Rbc8 {[%emt 0:00:54] [#]} (24... dxc5 $15 25. bxc5 Rfd8) 25. Be3 $2 (25. Nc4 $1 $16) 25... f4 26. Bf2 Ng5 27. g4 e4 28. Rxe4 Nxe4 29. fxe4 f3+ 30. Qxf3 Bh4 31. Qd1 Bxf2 32. Rxf2 Rxf2+ 33. Kxf2 dxc5 34. bxc5 Rxc5 35. Qd4 Qd6 $2 (35... Rc1 $19 {is more deadly.} 36. e5 Qf7+ 37. Kg3 Qc7) 36. Kg2 Rc1 37. Qe3 Qc5 38. Qxc5 Rxc5 $19 39. Nb1 Rc1 40. Na3 Rc3 41. Nb1 Rb3 42. Nd2 Rb2 43. Kf3 Rxd2 44. Kf4 b5 45. axb5 axb5 46. Ke5 b4 0-1

[Event "Moscow Youth U19 2019"]
[Site "Moscow"]
[Date "2019.11.26"]
[Round "9.8"]
[White "Talyzin, Valeriy"]
[Black "Budnichenko, Vladimir"]
[Result "0-1"]
[ECO "A05"]
[WhiteElo "1829"]
[BlackElo "1489"]
[Annotator "NA RC"]
[PlyCount "78"]
[EventDate "2019.11.18"]
[EventType "swiss"]
[EventCountry "RUS"]
[SourceTitle "playchess.com"]
[Source "ChessBase"]
[SourceQuality "1"]
[TimeControl "5400+30"]

1. Nf3 Nf6 2. g3 g6 3. Bg2 Bg7 4. O-O O-O 5. d3 c5 6. e4 d6 7. Nh4 Nc6 {[%emt 0:00:00] A05: Réti Opening: 1 Nf3 Nf6} 8. f4 Bg4 (8... Nd7 9. f5 b5 10. Nc3 c4 11. Kh1 cxd3 12. cxd3 Bb7 13. Bg5 Nd4 14. a3 a5 15. Ne2 Nxe2 16. Qxe2 {1-0 (60) Petrosian,T (2601)-Onischuk,V (2637) Riadh 2017}) 9. Qd2 h6 $146 ({Predecessor:} 9... Bd7 10. Nc3 Rb8 11. h3 b5 12. Qf2 Nd4 13. Nd1 b4 14. Ne3 e6 15. a3 a5 16. axb4 axb4 17. g4 Ne8 18. f5 Bc6 {1-0 (46) McKay,R (2370)-Grant,A (2156) Helensburgh 2013}) 10. h3 Bd7 11. f5 g5 12. Nf3 Qc7 13. g4 e6 14. Re1 exf5 15. gxf5 Rfe8 16. Qf2 d5 17. Nc3 dxe4 18. dxe4 {[%emt 1:26:38] [#]} Nd4 $1 19. Be3 (19. Nh2 $17 {might work better.}) 19... Nxf3+ 20. Bxf3 Rac8 21. Qg2 Bc6 22. Bf2 b6 23. h4 (23. Bg3 $11 Qb7 24. Nd5) 23... gxh4 24. Bxh4 Kh7 {[%emt 0:01:09] [#]} (24... Kh8 $14) 25. Re2 $2 {[%emt 0:00:00] [#]} (25. Bg3 $1 $16 Qb7 26. Kh1) 25... Rg8 (25... Nd7 $1 $17 26. Bg3 Be5 27. Bxe5 Nxe5) 26. Bg3 $1 Qb7 27. Rae1 $2 {[%emt 0:00:00] [#]} (27. Qh3 $16) 27... Nd7 $1 28. Nd5 Be5 29. Kf1 Rxg3 30. Qh1 Rcg8 31. c3 Bb5 32. Qh5 Bxe2+ 33. Rxe2 Nf6 34. Nxf6+ Bxf6 35. Rh2 Bg5 36. Kf2 Qc7 37. f6 {[%emt 0:00:00] [#]} Rg6 $19 (37... Qf4 $142 $1 38. Rg2 Bh4 39. Qf5+ Qxf5 40. exf5 Rxg2+ 41. Ke3 Re8+ 42. Kd3 Rg3 43. a4 Rxf3+ 44. Kc4 Bxf6 45. Kb5 h5 46. Kc6 h4 47. Kb5 h3 48. Ka6 h2 49. Kb5 h1=Q 50. a5 Qf1+ 51. c4 Rb3+ {[%mdl 64] Double Attack} 52. Kc6 Qxf5 53. axb6 Rxb6+ 54. Kc7 Be5#) 38. Bg4 {[%emt 0:00:00] [#]} Qf4+ $1 {[%emt 0:00:25] Double Attack} 39. Ke1 Qxg4 (39... Rg1+ $142 40. Ke2 Qf1#) 0-1

[Event "Moscow Youth U19 2019"]
[Site "Moscow"]
[Date "2019.11.26"]
[Round "9.9"]
[White "Agashin, Alexandr"]
[Black "Sekoyan, Vachagan"]
[Result "0-1"]
[ECO "A68"]
[WhiteElo "1546"]
[BlackElo "2084"]
[Annotator "NA RC"]
[PlyCount "96"]
[EventDate "2019.11.18"]
[EventType "swiss"]
[EventCountry "RUS"]
[SourceTitle "playchess.com"]
[Source "ChessBase"]
[SourceQuality "1"]
[TimeControl "5400+30"]

1. d4 g6 2. c4 Bg7 3. Nc3 c5 4. d5 d6 5. e4 Nf6 6. f4 O-O 7. Nf3 e6 8. Bd3 exd5 9. cxd5 Re8 10. O-O c4 11. Bc2 b5 12. a3 {[%emt 0:09:13] A68: Modern Benoni: Four Pawns Attack without 9...Re8} Ng4 (12... Qb6+ 13. Kh1 Nbd7 14. h3 Nc5 15. Re1 Nfd7 16. Be3 a5 17. Bd4 f6 18. Nd2 Ba6 19. Qf3 b4 20. axb4 Qxb4 {1-0 (42) Steinbacher,C (2080)-Kushka,A (2148) Braunfels 2019}) 13. Nxb5 Ba6 $146 ({Predecessor:} 13... Qb6+ 14. Nbd4 Nf6 15. Re1 Bg4 16. Kf1 Nbd7 17. h3 Bxf3 18. Nxf3 Nc5 19. e5 Nfd7 {½-½ (44) Iversen,C (1876)-Thogersen,R (2013) Odense 2013}) 14. Nbd4 Qb6 15. Re1 Nd7 16. h3 Ngf6 17. Ba4 Re7 18. Bc6 Rd8 19. Bxd7 Rdxd7 20. Kh2 Rxe4 21. Rxe4 Nxe4 22. Be3 Qxb2 23. Rb1 Qxa3 24. Rb8+ Bf8 25. Bc1 Qa5 {[%emt 0:05:26] [#]} ({Black should try} 25... Qc5 $1 $14) 26. f5 ({White has to play} 26. Nc6 $1 $16 Qa1 {[#]} 27. f5 $1 ) 26... Rc7 $1 27. Nc6 Qc5 28. Ng5 Nf6 29. fxg6 hxg6 30. Qf3 Qxd5 31. Qxf6 Rxc6 32. Bb2 c3 33. Nh7 Kxh7 34. Rxf8 Qe5+ 35. Qxe5 dxe5 36. Bc1 Kg7 37. Re8 Kf6 38. Ra8 Rc7 39. Kg3 c2 40. Rd8 Ke6 41. Kf2 Bc4 42. g3 Bd5 43. Re8+ Kf6 44. h4 a5 45. g4 Rc4 46. Bg5+ Kg7 47. Rxe5 {[%emt 0:01:06] [#]} f6 {[%emt 0:00:27] Double Attack} 48. Rxd5 fxg5 0-1

[Event "Moscow Youth U19 2019"]
[Site "Moscow"]
[Date "2019.11.26"]
[Round "9.10"]
[White "Petrusevich, Ivan"]
[Black "Kozhukhov, Alexandr"]
[Result "0-1"]
[ECO "A13"]
[WhiteElo "1561"]
[BlackElo "1627"]
[Annotator "NA RC"]
[PlyCount "96"]
[EventDate "2019.11.18"]
[EventType "swiss"]
[EventCountry "RUS"]
[SourceTitle "playchess.com"]
[Source "ChessBase"]
[SourceQuality "1"]
[TimeControl "5400+30"]

1. c4 Nf6 2. Nc3 e6 3. Nf3 d5 4. e3 c5 5. d4 Nc6 6. Be2 Be7 7. O-O O-O 8. b3 b6 9. Bb2 dxc4 10. Bxc4 cxd4 11. Nxd4 Nxd4 12. exd4 Bb7 13. Qe2 Nd5 14. Nxd5 Bxd5 15. Bd3 Bf6 16. Rad1 Qd6 17. Kh1 Rfd8 18. Be4 Bxe4 19. Qxe4 Qd5 20. f3 g6 21. Rd3 Rd7 22. Rc1 Rad8 23. Rc4 b5 24. Qxd5 Rxd5 25. Rc2 e5 26. Kg1 exd4 27. Ba3 Bg7 28. Kf1 Bf8 29. Bxf8 Kxf8 30. Re2 b4 31. Ke1 f5 32. f4 Kf7 33. Re5 Rxe5+ 34. fxe5 Ke6 35. Rd2 Kxe5 36. Re2+ Kf6 37. Rc2 Rd6 38. Rc4 a5 39. Rc5 Re6+ 40. Kd2 Re5 41. Rc4 Rd5 42. Kd3 Ke5 43. Rc7 h5 44. Rc6 g5 45. Rg6 Kf4 46. g3+ Kg4 47. h3+ Kxg3 48. Rxg5+ Kh4 0-1